[Event "ICC tourney 2533 (25 5)"]
[Site "Internet Chess Club"]
[Date "2021.04.25"]
[Round "7"]
[White "ANG, TIMOTHY:K09-16772800"]
[Black "DAWN COLE SHIELDS, JATYN:K09-16024704"]
[Result "1-0"]
[ICCResult "Black checkmated"]
[WhiteElo "833"]
[BlackElo "404"]
[Opening "Caro-Kann defense"]
[ECO "B15"]
[NIC "CK.05"]
[Time "15:02:21"]
[PlyCount "67"]
[TimeControl "1500+5"]

1. e4 c6 2. d4 d5 3. Nc3 Nf6 4. exd5 cxd5 5. Nf3 Nc6 6. Be2 e5 7. dxe5 Ng8
8. Qxd5 Qc7 9. Bf4 Be6 10. Qe4 Rd8 11. O-O Bc5 12. h3 f6 13. exf6 Nxf6 14.
Qxe6+ Qe7 15. Qxe7+ Nxe7 16. Bc4 Nh5 17. Be5 Nf5 18. g4 Ne3 19. fxe3 Bxe3+
20. Kg2 Nf4+ 21. Kg3 Rf8 22. Ng5 Nh5+ 23. gxh5 Bf4+ 24. Bxf4 g6 25. Ne6 Rg8
26. Nxd8 Kxd8 27. Bxg8 gxh5 28. Rfe1 Kd7 29. Rad1+ Kc6 30. Bd5+ Kc5 31. Re6
h4+ 32. Kf3 a5 33. Be3+ Kb4 34. a3# { Black checkmated } 1-0

[Event "ICC tourney 2533 (25 5)"]
[Site "Internet Chess Club"]
[Date "2021.04.25"]
[Round "7"]
[White "BUCHIREDDY, SAMHITHA:K09-30014268"]
[Black "SAMICH, MATTHEW:K09-15692130"]
[Result "0-1"]
[ICCResult "White checkmated"]
[WhiteElo "842"]
[BlackElo "1348"]
[Opening "French: exchange variation"]
[ECO "C01"]
[NIC "FR.01"]
[Time "15:03:26"]
[PlyCount "128"]
[TimeControl "1500+5"]

1. e4 e6 2. d4 d5 3. exd5 exd5 4. Nf3 Nf6 5. Nc3 c6 6. Be2 Bd6 7. O-O O-O
8. Bg5 Bf5 9. Bd3 Bg6 10. Bxg6 hxg6 11. Ne5 Re8 12. Re1 Nbd7 13. Nxd7 Qxd7
14. Bxf6 gxf6 15. Qf3 Kg7 16. Ne2 Qe6 17. Kf1 Rh8 18. h3 Qd7 19. Ng3 Rae8
20. c3 a6 21. a4 Rxe1+ 22. Rxe1 Re8 23. Rxe8 Qxe8 24. b4 Bxg3 25. fxg3 Qe4
26. Qxe4 dxe4 27. Ke2 f5 28. c4 Kf6 29. b5 axb5 30. cxb5 cxb5 31. axb5 Ke6
32. Ke3 Kd5 33. g4 fxg4 34. hxg4 f5 35. gxf5 gxf5 36. b6 Kc6 37. Kf4 Kxb6
38. g4 fxg4 39. Kxg4 Kc6 40. Kf4 Kd5 41. Ke3 b5 42. Kd2 Kxd4 43. Kc2 Ke3
44. Kc3 Kf2 45. Kb4 e3 46. Kxb5 e2 47. Kc5 e1=Q 48. Kc6 Qd1 49. Kc5 Ke3 50.
Kc4 Qd8 51. Kc5 Ke4 52. Kc6 Ke5 53. Kc5 Qc8+ 54. Kb5 Kd6 55. Kb4 Kd5 56.
Kb3 Kd4 57. Kb2 Kd3 58. Kb1 Kd2 59. Kb2 Qb8+ 60. Ka3 Kc2 61. Ka4 Kc3 62.
Ka5 Kc4 63. Ka6 Kc5 64. Ka5 Qa7# { White checkmated } 0-1

[Event "ICC tourney 2533 (25 5)"]
[Site "Internet Chess Club"]
[Date "2021.04.25"]
[Round "7"]
[White "ELIAS FALL, KHADIM:K09-15886147"]
[Black "SIRAVURI, ARYAN:K09-15570085"]
[Result "1-0"]
[ICCResult "Black checkmated"]
[WhiteElo "753"]
[BlackElo "104"]
[Opening "Four knights: Italian variation"]
[ECO "C47"]
[NIC "KP.06"]
[Time "15:01:21"]
[PlyCount "137"]
[TimeControl "1500+5"]

1. e4 e5 2. Nf3 Nc6 3. Nc3 Nf6 4. Bc4 Nxe4 5. Nxe4 d5 6. Bxd5 Qxd5 7. Nc3
Qd8 8. O-O Bd6 9. d4 O-O 10. dxe5 Nxe5 11. Nxe5 Bxe5 12. Be3 Be6 13. Bc5
Re8 14. Re1 Bxc3 15. bxc3 Qxd1 16. Raxd1 Rad8 17. h3 b6 18. Be3 Bxa2 19.
Bf4 Rxe1+ 20. Rxe1 c5 21. Bc7 Rc8 22. Kh1 h6 23. Bg3 Kf8 24. Bd6+ Kg8 25.
Kg1 Rd8 26. Bf4 g5 27. Be3 Re8 28. Kf1 Bc4+ 29. Kg1 f5 30. f3 f4 31. Bf2
Rxe1+ 32. Bxe1 Kg7 33. Kf2 Kg6 34. Bd2 Kf5 35. Bc1 h5 36. Bb2 h4 37. Kg1
Ba2 38. Kf2 Bb1 39. c4 Bxc2 40. Ke2 Bb3 41. Kd3 a5 42. Kc3 Ba4 43. Ba3 Ke5
44. Bb2 Bd1 45. Kd2+ Kf5 46. Kxd1 a4 47. Kd2 Kg6 48. Kc3 Kf5 49. Bc1 Ke6
50. Kb2 Kd6 51. Ka3 Kc6 52. Kxa4 Kb7 53. Kb5 Ka7 54. Bb2 Kb7 55. Bf6 Ka7
56. Bxg5 Kb7 57. Bxh4 Ka7 58. Bg5 Kb7 59. h4 Kc8 60. h5 Kd7 61. h6 Ke8 62.
h7 Kf7 63. h8=Q Ke6 64. Qf6+ Kd7 65. Qe7+ Kc8 66. Qd8+ Kb7 67. Bxf4 Ka7 68.
Qc7+ Ka8 69. Qb8# { Black checkmated } 1-0

[Event "ICC tourney 2533 (25 5)"]
[Site "Internet Chess Club"]
[Date "2021.04.25"]
[Round "7"]
[White "JOHN KIM, ANDREW:K09-16142364"]
[Black "ROSLIK NEVISTICH, LUCAS:K09-16541246"]
[Result "1-0"]
[ICCResult "Black checkmated"]
[WhiteElo "995"]
[BlackElo "234"]
[Opening "Queen's pawn: Charlick (Englund) gambit"]
[ECO "A40"]
[NIC "QO.17"]
[Time "15:02:42"]
[PlyCount "133"]
[TimeControl "1500+5"]

1. d4 e5 2. dxe5 Nc6 3. Nf3 Qe7 4. Nc3 d6 5. exd6 Qxd6 6. Qxd6 Bxd6 7. e4
Nf6 8. Bc4 O-O 9. O-O Re8 10. Re1 Bb4 11. e5 Bxc3 12. bxc3 Nd7 13. e6 fxe6
14. Rxe6 Rxe6 15. Bxe6+ Kh8 16. Ng5 Nd8 17. Nf7+ Nxf7 18. Bxf7 Ne5 19. Bb3
Bf5 20. Bf4 Re8 21. h3 Be6 22. Bxe5 Bxb3 23. Bxg7+ Kxg7 24. cxb3 b5 25. Rd1
c5 26. Rd7+ Kg8 27. Rxa7 c4 28. bxc4 bxc4 29. Rc7 Re4 30. f3 Re2 31. a4 Ra2
32. Rxc4 Kf7 33. Rb4 Ke6 34. Rd4 Ke5 35. Kh2 Rc2 36. Rd7 h5 37. Rh7 Rxc3
38. Rxh5+ Kd6 39. a5 Kc7 40. Kg3 Kb7 41. Kg4 Ka6 42. g3 Rc4+ 43. f4 Rc3 44.
Re5 Rc7 45. h4 Rg7+ 46. Rg5 Rc7 47. h5 Rc4 48. h6 Rc7 49. Rh5 Rh7 50. Kg5
Rc7 51. h7 Rc5+ 52. Kh4 Rxa5 53. Rxa5+ Kxa5 54. h8=Q Kb5 55. g4 Kc4 56. g5
Kd5 57. g6 Ke4 58. Qe5+ Kd3 59. g7 Kc4 60. g8=Q+ Kb4 61. Qgb8+ Kc4 62. Qc8+
Kb4 63. Qec5+ Ka4 64. Q8c6+ Kb3 65. Qc3+ Ka2 66. Qa6+ Kb1 67. Qaa1# { Black
checkmated } 1-0

[Event "ICC tourney 2533 (25 5)"]
[Site "Internet Chess Club"]
[Date "2021.04.25"]
[Round "7"]
[White "ALEXANDER SANTOS, DAVID:K09-17215556"]
[Black "GUO, FELIX:K09-17353890"]
[Result "0-1"]
[ICCResult "White checkmated"]
[WhiteElo "808"]
[BlackElo "1303"]
[Opening "QGD: 4.Bg5 Be7"]
[ECO "D53"]
[NIC "QO.13"]
[Time "15:00:44"]
[PlyCount "90"]
[TimeControl "1500+5"]

1. d4 d5 2. c4 e6 3. Nc3 Nf6 4. Bg5 Be7 5. Nf3 h6 6. Bxf6 Bxf6 7. e3 Nd7 8.
cxd5 c6 9. dxc6 bxc6 10. Bd3 Qb6 11. Qc2 c5 12. dxc5 Nxc5 13. Bb5+ Ke7 14.
b4 Ne4 15. Nxe4 Bxa1 16. a4 Bb7 17. O-O Bxe4 18. Qxe4 Bf6 19. h3 Rad8 20.
Rc1 Rc8 21. Rd1 Rhd8 22. Rxd8 Qxd8 23. Qb7+ Rc7 24. Qe4 Qd6 25. g3 Qd5 26.
Qf4 e5 27. Qf5 g6 28. e4 Qd1+ 29. Kg2 gxf5 30. exf5 Rc3 31. Nh2 Rc1 32. h4
Qh1+ 33. Kh3 h5 34. Be2 Rg1 35. Bf3 Rg2 36. Bxg2 Qb1 37. b5 Qxf5+ 38. g4
Qxf2 39. Nf3 hxg4+ 40. Kxg4 Qxg2+ 41. Kh5 Qxf3+ 42. Kh6 Qf5 43. h5 Qg5+ 44.
Kh7 Qxh5+ 45. Kg8 Qh8# { White checkmated } 0-1

[Event "ICC tourney 2533 (25 5)"]
[Site "Internet Chess Club"]
[Date "2021.04.25"]
[Round "7"]
[White "SAFRANEK, WILLIAM:K09-15106903"]
[Black "KANSARA, SATYEN:K09-16412456"]
[Result "1-0"]
[ICCResult "Black checkmated"]
[WhiteElo "1900"]
[BlackElo "461"]
[Opening "Pirc: Byrne variation"]
[ECO "B07"]
[NIC "PU.09"]
[Time "15:00:52"]
[PlyCount "65"]
[TimeControl "1500+5"]

1. e4 d6 2. d4 Nf6 3. Nc3 g6 4. Bg5 Bg7 5. e5 dxe5 6. dxe5 Qxd1+ 7. Rxd1
Ng4 8. Nd5 Bxe5 9. Nxe7 Be6 10. Nxg6 fxg6 11. h3 Bf6 12. Nf3 h6 13. Bf4 g5
14. Bxc7 Na6 15. Bxa6 Nxf2 16. Bb5+ Kf7 17. Kxf2 Rac8 18. Bg3 Rxc2+ 19. Rd2
Rc5 20. Bd7 Bxa2 21. Ra1 Bd5 22. Bd6 Rc4 23. Rxd5 Rd8 24. Bf5 Rc6 25. Rad1
Be7 26. Ne5+ Kf6 27. Bxe7+ Kxf5 28. Nxc6+ Ke6 29. Nxd8+ Kxe7 30. Re5+ Kf6
31. Re6+ Kf5 32. g4+ Kf4 33. Rd4# { Black checkmated } 1-0

[Event "ICC tourney 2533 (25 5)"]
[Site "Internet Chess Club"]
[Date "2021.04.25"]
[Round "7"]
[White "P CHABUKSWAR, VED:K09-17181828"]
[Black "CHANDRAN, HARISH:K09-15751871"]
[Result "0-1"]
[ICCResult "White checkmated"]
[WhiteElo "1046"]
[BlackElo "1561"]
[Opening "Queen's bishop game"]
[ECO "D00"]
[NIC "QP.08"]
[Time "15:03:48"]
[PlyCount "118"]
[TimeControl "1500+5"]

1. d4 d5 2. Bf4 Nf6 3. Nf3 e6 4. e3 Be7 5. Bd3 O-O 6. Nbd2 c5 7. c3 Nc6 8.
Ne5 Bd7 9. h4 a6 10. g4 b5 11. g5 Ne4 12. Nxe4 dxe4 13. Bxe4 Rc8 14. Qg4
cxd4 15. exd4 Nxe5 16. Bxe5 f6 17. gxf6 Bxf6 18. Bxf6 Qxf6 19. Qg3 b4 20.
Rc1 bxc3 21. bxc3 Qh6 22. Rc2 Rf4 23. Bd3 Bc6 24. Rg1 Rf3 25. Qg4 Rxd3 26.
f3 Bxf3 27. Qg5 Qxg5 28. Rxg5 Rcxc3 29. Rxc3 Rxc3 30. Kd2 Ra3 31. Re5 Bd5
32. Re3 Rxa2+ 33. Ke1 a5 34. Re2 Rxe2+ 35. Kxe2 a4 36. Kd2 a3 37. Kc2 a2
38. Kb2 h6 39. Ka1 g5 40. Kb2 g4 41. h5 g3 42. Ka1 g2 43. Kb2 g1=Q 44. Kc3
Qxd4+ 45. Kxd4 a1=Q+ 46. Kd3 Qa3+ 47. Kd4 Qb4+ 48. Ke3 Qe4+ 49. Kd2 Bc4 50.
Kc3 Qd3+ 51. Kb4 e5 52. Kc5 e4 53. Kb4 e3 54. Kc5 e2 55. Kb4 e1=Q+ 56. Kc5
Qd5+ 57. Kb6 Qee6+ 58. Kc7 Qdd7+ 59. Kb8 Qee8# { White checkmated } 0-1

[Event "ICC tourney 2533 (25 5)"]
[Site "Internet Chess Club"]
[Date "2021.04.25"]
[Round "7"]
[White "JAIN, ARYAN:K09-16802032"]
[Black "MIYASAKA, JULIA:K09-14751032"]
[Result "0-1"]
[ICCResult "White resigns"]
[WhiteElo "1191"]
[BlackElo "1746"]
[Opening "Giuoco Piano"]
[ECO "C54"]
[NIC "IG.02"]
[Time "15:00:47"]
[PlyCount "30"]
[TimeControl "1500+5"]

1. e4 e5 2. Nf3 Nc6 3. Bc4 Bc5 4. c3 Nf6 5. d4 exd4 6. e5 d5 7. exf6 dxc4
8. fxg7 Rg8 9. Qe2+ Be6 10. Bg5 Qd5 11. O-O d3 12. Qd2 Rxg7 13. Bh4 Qxf3
14. Bg3 Qg4 15. h3 Qxg3 { White resigns } 0-1

[Event "ICC tourney 2533 (25 5)"]
[Site "Internet Chess Club"]
[Date "2021.04.25"]
[Round "7"]
[White "JIAN GARCIA, JAMES:K09-15774152"]
[Black "TCHENG, SUHN:K09-16951820"]
[Result "0-1"]
[ICCResult "White resigns"]
[WhiteElo "842"]
[BlackElo "406"]
[Opening "QGA: 3.e4"]
[ECO "D20"]
[NIC "QG.04"]
[Time "15:04:01"]
[PlyCount "56"]
[TimeControl "1500+5"]

1. d4 d5 2. c4 dxc4 3. e4 e5 4. Nf3 Bg4 5. Qa4+ Bd7 6. Qxc4 exd4 7. Qxd4
Nc6 8. Qd2 Bb4 9. Nc3 Nf6 10. a3 Nxe4 11. axb4 Nxd2 12. Bxd2 Qe7+ 13. Be2
O-O-O 14. Nd5 Qe4 15. Nf4 Nxb4 16. Bxb4 Qxb4+ 17. Nd2 a6 18. Nd3 Qe7 19.
Nf4 Rde8 20. Rd1 g5 21. O-O gxf4 22. Nf3 Qxe2 23. Rfe1 Qxb2 24. Rxe8+ Rxe8
25. Ng5 Qc2 26. Rf1 Qd2 27. Nf3 Qb4 28. Ne5 Rxe5 { White resigns } 0-1

[Event "ICC tourney 2533 (25 5)"]
[Site "Internet Chess Club"]
[Date "2021.04.25"]
[Round "7"]
[White "SUDARSHAN IYENGAR, VARSHA:K09-15871248"]
[Black "CURRAN, ELI:K09-16489414"]
[Result "1-0"]
[ICCResult "Black resigns"]
[WhiteElo "917"]
[BlackElo "537"]
[Opening "Three knights game"]
[ECO "C46"]
[NIC "KP.06"]
[Time "15:01:31"]
[PlyCount "59"]
[TimeControl "1500+5"]

1. e4 e5 2. Nf3 Nc6 3. Nc3 Bc5 4. Nxe5 Nxe5 5. d4 Bxd4 6. Qxd4 Nc6 7. Qd1
Nf6 8. Bb5 d6 9. O-O O-O 10. Re1 Re8 11. Bg5 Bd7 12. Qd2 h6 13. Bh4 g5 14.
Bg3 h5 15. Qxg5+ Kf8 16. Qh6+ Kg8 17. Bh4 Re6 18. Re3 Ng4 19. Bxd8 Nxh6 20.
Rg3+ Ng4 21. Bh4 a6 22. Bc4 Ree8 23. h3 Nd4 24. hxg4 Ne2+ 25. Bxe2 hxg4 26.
Bxg4 Bxg4 27. Rxg4+ Kf8 28. Nd5 Rac8 29. Nf6 Re6 30. Rg8+ { Black resigns }
1-0

[Event "ICC tourney 2533 (25 5)"]
[Site "Internet Chess Club"]
[Date "2021.04.25"]
[Round "7"]
[White "SANKARANAARAYAN, HRUSHIKESH:K09-16322758"]
[Black "PAN, STEVEN:K09-15963582"]
[Result "1-0"]
[ICCResult "Black checkmated"]
[WhiteElo "849"]
[BlackElo "1456"]
[Opening "Giuoco Piano"]
[ECO "C54"]
[NIC "IG.02"]
[Time "15:01:03"]
[PlyCount "41"]
[TimeControl "1500+5"]

1. e4 e5 2. Nf3 Nc6 3. Bc4 Bc5 4. c3 Nf6 5. d4 exd4 6. e5 Ng4 7. cxd4 Bb4+
8. Nc3 Bxc3+ 9. bxc3 d5 10. Bd3 Be6 11. O-O Qd7 12. Rb1 O-O-O 13. Qa4 b6
14. Bg5 f6 15. exf6 gxf6 16. Bf4 Na5 17. Qxa5 Qc6 18. Qxa7 f5 19. Bb5 Qb7
20. Ba6 Qxa6 21. Qxc7# { Black checkmated } 1-0

[Event "ICC tourney 2533 (25 5)"]
[Site "Internet Chess Club"]
[Date "2021.04.25"]
[Round "7"]
[White "SMARAN JAINI, KRISHIV:K09-16268124"]
[Black "SKYRIDGE MIDDLE SCHOOL FONG, ADAM:K09-15742580"]
[Result "0-1"]
[ICCResult "White checkmated"]
[WhiteElo "806"]
[BlackElo "384"]
[Opening "Queen's pawn game"]
[ECO "A46"]
[NIC "QP.06"]
[Time "15:04:45"]
[PlyCount "112"]
[TimeControl "1500+5"]

1. d4 Nf6 2. Nf3 e6 3. g3 d5 4. Bg2 g6 5. Bf4 Bd6 6. e3 Nc6 7. O-O Qe7 8.
Nc3 e5 9. Bh6 Bg4 10. h3 Bxf3 11. Qxf3 e4 12. Qe2 O-O-O 13. f3 exf3 14.
Qxf3 Nh5 15. h4 Nxg3 16. Rfe1 Qxh4 17. Bg7 Ne4 18. Bxh8 Qh2+ 19. Kf1 Nd2+
20. Kf2 Nxf3 21. Kxf3 Rxh8 22. Nxd5 Qg3+ 23. Ke2 Qxg2+ 24. Kd1 Qxd5 25. e4
Qxd4+ 26. Kc1 Bf4+ 27. Kb1 Qd2 28. Rc1 Be5 29. c3 Qd3+ 30. Rc2 Qxe4 31. b3
Qe1+ 32. Kb2 Nb4 33. Rxe1 Nd3+ 34. Ka3 Nxe1 35. Re2 Bd6+ 36. Kb2 Nd3+ 37.
Kb1 h5 38. Rd2 Nf4 39. Rd4 h4 40. Rd2 h3 41. Kc1 Ng2 42. Rd1 Bf4+ 43. Kc2
h2 44. Rh1 g5 45. Kd1 Re8 46. Kc2 Ne3+ 47. Kb2 Nf5 48. c4 g4 49. a4 g3 50.
b4 g2 51. Re1 g1=Q 52. Rxe8+ Kd7 53. Re2 Qd4+ 54. Kc2 Qxc4+ 55. Kd1 h1=Q+
56. Re1 Qd3# { White checkmated } 0-1

[Event "ICC tourney 2533 (25 5)"]
[Site "Internet Chess Club"]
[Date "2021.04.25"]
[Round "7"]
[White "GIBSON, MICHAEL:K09-17297651"]
[Black "LI, AUSTIN:K09-16606238"]
[Result "0-1"]
[ICCResult "White checkmated"]
[WhiteElo "585"]
[BlackElo "1204"]
[Opening "Sicilian"]
[ECO "B55"]
[NIC "SI.01"]
[Time "15:03:46"]
[PlyCount "110"]
[TimeControl "1500+5"]

1. e4 c5 2. Nf3 d6 3. d4 cxd4 4. Nxd4 Nf6 5. Bd3 g6 6. Bf4 e5 7. Be3 exd4
8. Bxd4 Bg7 9. Qf3 O-O 10. Nd2 Nc6 11. c3 Nxd4 12. cxd4 Re8 13. O-O Qb6 14.
Nb3 Bd7 15. Rae1 Ba4 16. Bc4 Bxb3 17. Bxb3 Qxd4 18. Rd1 Qxe4 19. Qc3 d5 20.
Qc7 Rab8 21. Qc5 a6 22. f3 Qe7 23. Qd4 Qe3+ 24. Qxe3 Rxe3 25. Rd4 Rbe8 26.
h3 Re1 27. Rxe1 Rxe1+ 28. Kf2 Re8 29. g4 Ne4+ 30. Ke3 Bxd4+ 31. Kxd4 Nf6
32. g5 Nh5 33. Bxd5 Rd8 34. b4 Nf4 35. Ke4 Nxd5 36. a3 Nc3+ 37. Ke3 Nb1 38.
f4 Nxa3 39. h4 Nc2+ 40. Ke4 Nxb4 41. f5 gxf5+ 42. Kxf5 a5 43. h5 a4 44. g6
hxg6+ 45. hxg6 fxg6+ 46. Kxg6 a3 47. Kf6 a2 48. Ke7 Rd1 49. Ke6 a1=Q 50.
Kf5 Qc3 51. Ke6 Qe3+ 52. Kf5 Rf1+ 53. Kg4 Qf3+ 54. Kh4 Qg2 55. Kh5 Rh1# {
White checkmated } 0-1

[Event "ICC tourney 2533 (25 5)"]
[Site "Internet Chess Club"]
[Date "2021.04.25"]
[Round "7"]
[White "DANIEL VON HOFF, CHRISTOPHER:K09-15127660"]
[Black "KUMAR MULPURI, PARTHIV:K09-16906012"]
[Result "0-1"]
[ICCResult "White resigns"]
[WhiteElo "1529"]
[BlackElo "1006"]
[Opening "Vienna game"]
[ECO "C28"]
[NIC "VG.02"]
[Time "15:03:00"]
[PlyCount "26"]
[TimeControl "1500+5"]

1. e4 e5 2. Bc4 Nf6 3. Nc3 Nc6 4. d3 Bc5 5. f4 O-O 6. Nf3 exf4 7. Bxf4 d6
8. Na4 d5 9. exd5 Re8+ 10. Kf1 Nxd5 11. Bxc7 Ne3+ 12. Kg1 Nxd1+ 13. Nxc5
Qd4+ { White resigns } 0-1

[Event "ICC tourney 2533 (25 5)"]
[Site "Internet Chess Club"]
[Date "2021.04.25"]
[Round "7"]
[White "SHAH, ARSH:K09-17096480"]
[Black "GERALD AVERY, JOHN:K09-16706744"]
[Result "1-0"]
[ICCResult "Black checkmated"]
[WhiteElo "1687"]
[BlackElo "1229"]
[Opening "Giuoco Pianissimo: Italian four knights variation"]
[ECO "C55"]
[NIC "IG.01"]
[Time "15:03:48"]
[PlyCount "37"]
[TimeControl "1500+5"]

1. e4 e5 2. Nf3 Nc6 3. Bc4 Nf6 4. d3 Bc5 5. Nc3 O-O 6. Bg5 d6 7. h3 Be6 8.
Bb3 h6 9. Bh4 g5 10. Bg3 Nd7 11. h4 Bg4 12. hxg5 hxg5 13. Qd2 Bxf3 14. gxf3
Kg7 15. O-O-O Nd4 16. Rdg1 Nxf3 17. Qd1 Nxg1 18. Qh5 Nf6 19. Qxg5# { Black
checkmated } 1-0

[Event "ICC tourney 2533 (25 5)"]
[Site "Internet Chess Club"]
[Date "2021.04.25"]
[Round "7"]
[White "SHEORAN, SAANVI:K09-17350815"]
[Black "LEE, JOSHUA:K09-16260353"]
[Result "0-1"]
[ICCResult "White checkmated"]
[WhiteElo "730"]
[BlackElo "1285"]
[Opening "Giuoco Piano: four knights variation"]
[ECO "C50"]
[NIC "IG.02"]
[Time "15:02:21"]
[PlyCount "94"]
[TimeControl "1500+5"]

1. e4 e5 2. Nf3 Nc6 3. Bc4 Bc5 4. Nc3 Nf6 5. O-O O-O 6. d3 h6 7. Be3 Nd4 8.
Ne2 Nxf3+ 9. gxf3 Bxe3 10. fxe3 d6 11. Ng3 c6 12. Bb3 Bh3 13. Rf2 d5 14.
exd5 Nxd5 15. Qe2 Qg5 16. Kh1 Nxe3 17. Re1 Nf5 18. Qxe5 Nxg3+ 19. hxg3 Qxe5
20. Rxe5 Rfe8 21. Rfe2 Bd7 22. f4 Rxe5 23. Rxe5 Re8 24. Rxe8+ Bxe8 25. a4
Kf8 26. Kg2 Ke7 27. Kf3 c5 28. Bd5 Bc6 29. Bxc6 bxc6 30. Ke4 Ke6 31. f5+
Kd6 32. c4 g6 33. g4 h5 34. Kf4 h4 35. fxg6 fxg6 36. Kg5 h3 37. Kxg6 h2 38.
Kf5 h1=Q 39. g5 Qh8 40. g6 Qg7 41. a5 a6 42. b3 Ke7 43. Kg5 Ke6 44. Kh5 Kf5
45. Kh4 Qxg6 46. d4 cxd4 47. c5 Qg4# { White checkmated } 0-1

[Event "ICC tourney 2533 (25 5)"]
[Site "Internet Chess Club"]
[Date "2021.04.25"]
[Round "7"]
[White "BYRD, JONATHAN:K09-15330261"]
[Black "E BROADUS, ANDERSON:K09-17254874"]
[Result "0-1"]
[ICCResult "White checkmated"]
[WhiteElo "952"]
[BlackElo "551"]
[Opening "Giuoco Pianissimo"]
[ECO "C50"]
[NIC "IG.02"]
[Time "15:01:07"]
[PlyCount "70"]
[TimeControl "1500+5"]

1. e4 e5 2. Nf3 Nc6 3. Bc4 Bc5 4. d3 h6 5. O-O Nf6 6. Nc3 Nd4 7. Nxe5 O-O
8. Be3 d6 9. Bxd4 Bxd4 10. Nf3 Bg4 11. h3 Bxf3 12. Qxf3 c5 13. Nb5 Bxb2 14.
Rab1 Be5 15. c3 a6 16. d4 cxd4 17. cxd4 axb5 18. dxe5 dxe5 19. Rxb5 Qd4 20.
Bd3 Rxa2 21. Rxb7 Rd8 22. Rb3 Rd2 23. Rd1 Rxd1+ 24. Qxd1 Nd7 25. Kf1 Nc5
26. Ke2 Nxb3 27. Qxb3 Kh7 28. Kd2 Qxf2+ 29. Kc3 Qe1+ 30. Kc4 Qc1+ 31. Qc3
Rc8+ 32. Kd5 Qxc3 33. g4 Qxd3+ 34. Kxe5 Rc5+ 35. Kf4 g5# { White checkmated
} 0-1

[Event "ICC tourney 2533 (25 5)"]
[Site "Internet Chess Club"]
[Date "2021.04.25"]
[Round "7"]
[White "DEVANGAN, ANMOL:K09-16768913"]
[Black "MEJIA, RYNALDO:K09-16941060"]
[Result "0-1"]
[ICCResult "White checkmated"]
[WhiteElo "634"]
[BlackElo "1057"]
[Opening "Giuoco Piano"]
[ECO "C50"]
[NIC "IG.02"]
[Time "15:04:26"]
[PlyCount "44"]
[TimeControl "1500+5"]

1. e4 e5 2. Nf3 Nc6 3. Bc4 Bc5 4. O-O Nf6 5. d3 h6 6. h3 O-O 7. Nc3 d6 8.
Be3 Bb6 9. Nd5 Nxd5 10. Bxd5 Bd7 11. Nd2 Qe7 12. Nc4 Bxe3 13. fxe3 Be6 14.
Bxc6 bxc6 15. Na5 Bd7 16. c3 Rab8 17. Nb3 d5 18. Nd2 dxe4 19. dxe4 Rxb2 20.
Nb3 Be6 21. Kh1 Qg5 22. Rf3 Qxg2# { White checkmated } 0-1

[Event "ICC tourney 2533 (25 5)"]
[Site "Internet Chess Club"]
[Date "2021.04.25"]
[Round "7"]
[White "HUANG, VINSON:K09-16952520"]
[Black "REYNOLDS, TYLER:K09-15100161"]
[Result "0-1"]
[ICCResult "White resigns"]
[WhiteElo "614"]
[BlackElo "1207"]
[Opening "Sicilian defense"]
[ECO "B30"]
[NIC "SI.31"]
[Time "15:02:12"]
[PlyCount "62"]
[TimeControl "1500+5"]

1. e4 c5 2. Nf3 Nc6 3. Nc3 e5 4. Bc4 Be7 5. O-O d6 6. d3 Nf6 7. Bg5 O-O 8.
Re1 Bg4 9. h3 Bh5 10. Bxf6 Bxf6 11. Nd5 Bg5 12. g4 Bg6 13. Nxg5 Qxg5 14.
Qf3 Nd4 15. Qd1 b5 16. c3 Qh4 17. Kh2 Qxf2+ 18. Kh1 Nf3 19. Re2 Qg3 20. Qf1
bxc4 21. dxc4 Bxe4 22. Ne3 Nd2+ 23. Ng2 Nxf1 24. Rxf1 Qxh3+ 25. Kg1 Bxg2
26. Rxg2 f5 27. Rh2 Qxg4+ 28. Rg2 Qh4 29. Rh2 Qe4 30. Rhf2 Rf6 31. Rg2 Rg6
{ White resigns } 0-1

[Event "ICC tourney 2533 (25 5)"]
[Site "Internet Chess Club"]
[Date "2021.04.25"]
[Round "7"]
[White "KAMEL, YASEEN:K09-30090598"]
[Black "YEE, AUSTEN:K09-16394945"]
[Result "1-0"]
[ICCResult "Black resigns"]
[WhiteElo "1301"]
[BlackElo "804"]
[Opening "Vienna game"]
[ECO "C28"]
[NIC "VG.04"]
[Time "15:03:28"]
[PlyCount "129"]
[TimeControl "1500+5"]

1. e4 e5 2. Nc3 Nc6 3. Bc4 Nf6 4. d3 Be7 5. f4 d6 6. Nf3 O-O 7. O-O Be6 8.
Bxe6 fxe6 9. fxe5 Nxe5 10. Nxe5 dxe5 11. Bg5 c6 12. a3 Qb6+ 13. Kh1 Qxb2
14. Ne2 Qb6 15. Ng3 Rab8 16. Nh5 Qd8 17. Nxf6+ Bxf6 18. Bxf6 Rxf6 19. Qh5
Qd4 20. Rae1 Rbf8 21. Rxf6 Rxf6 22. Qe8+ Rf8 23. Qxe6+ Kh8 24. Qe7 Rb8 25.
Rf1 h6 26. h3 b5 27. Rf8+ Rxf8 28. Qxf8+ Kh7 29. Qf5+ Kg8 30. Qc8+ Kf7 31.
Qxc6 Qb6 32. Qxb6 axb6 33. Kg1 Ke7 34. Kf2 Kd7 35. Ke3 Kd6 36. d4 g5 37. g4
Ke6 38. Kd3 Kd6 39. c4 exd4 40. Kxd4 bxc4 41. Kxc4 Ke5 42. Kb5 Kxe4 43.
Kxb6 Kf3 44. a4 Kg3 45. a5 Kxh3 46. a6 Kxg4 47. a7 h5 48. a8=Q Kh4 49. Qg2
g4 50. Kc5 Kg5 51. Kd4 h4 52. Ke4 h3 53. Qg3 Kh6 54. Qxg4 h2 55. Qh3+ Kg6
56. Qxh2 Kf6 57. Qf4+ Ke6 58. Qe5+ Kd7 59. Qf6 Kc7 60. Qe6 Kb7 61. Qd6 Kc8
62. Qe7 Kb8 63. Qd7 Ka8 64. Kd5 Kb8 65. Kc6 { Black resigns } 1-0

[Event "ICC tourney 2533 (25 5)"]
[Site "Internet Chess Club"]
[Date "2021.04.25"]
[Round "7"]
[White "MARTIN, DREW:K09-16062286"]
[Black "MARIAN, AARON:K09-15799497"]
[Result "1-0"]
[ICCResult "Black checkmated"]
[WhiteElo "1903"]
[BlackElo "1400"]
[Opening "Sicilian: Boleslavsky variation, 7.Nb3"]
[ECO "B59"]
[NIC "SI.03"]
[Time "15:00:36"]
[PlyCount "45"]
[TimeControl "1500+5"]

1. e4 c5 2. Nf3 d6 3. d4 cxd4 4. Nxd4 Nf6 5. Nc3 e5 6. Nb3 Nc6 7. Be2 Be6
8. O-O d5 9. exd5 Nxd5 10. Ne4 Be7 11. Bg4 Bxg4 12. Qxg4 O-O 13. Bh6 Bf6
14. Rad1 Nd4 15. c3 Nxb3 16. Rxd5 Qe7 17. axb3 Rfd8 18. Rfd1 Rxd5 19. Rxd5
Rd8 20. Rxd8+ Qxd8 21. Nxf6+ Qxf6 22. Qc8+ Qd8 23. Qxd8# { Black checkmated
} 1-0

[Event "ICC tourney 2533 (25 5)"]
[Site "Internet Chess Club"]
[Date "2021.04.25"]
[Round "7"]
[White "EISENBRAUN, TYLER:K09-30031250"]
[Black "MAKODE, ATHARVA:K09-16723328"]
[Result "1-0"]
[ICCResult "Black checkmated"]
[WhiteElo "472"]
[BlackElo "1446"]
[Opening "Réti: King's Indian attack (Barcza system)"]
[ECO "A07"]
[NIC "QP.09"]
[Time "15:00:40"]
[PlyCount "123"]
[TimeControl "1500+5"]

1. Nf3 d5 2. g3 Nf6 3. Bg2 g6 4. O-O Bg7 5. d4 O-O 6. Nc3 e6 7. Bg5 h6 8.
Bxf6 Bxf6 9. e4 dxe4 10. Nxe4 Bg7 11. Ne5 Nd7 12. f4 Nxe5 13. fxe5 Rb8 14.
Nf6+ Bxf6 15. exf6 b6 16. Qd2 Kh7 17. Rf4 Bb7 18. Rh4 h5 19. Qf4 Bxg2 20.
Kxg2 Qd5+ 21. Kg1 Qf5 22. Qxf5 exf5 23. d5 Rbd8 24. Rd1 Rd6 25. Rc4 c5 26.
b4 cxb4 27. Rxb4 Rfd8 28. Rc4 Kg8 29. Rc7 R6d7 30. Rxd7 Rxd7 31. Kf2 Kf8
32. Ke3 Rd6 33. Kd4 Ke8 34. c4 Kd7 35. Ke5 Kc7 36. a4 Rd8 37. Kf4 Kd6 38.
Kg5 Rc8 39. Kh6 Rxc4 40. Kg7 Rc7 41. h4 a6 42. Re1 b5 43. axb5 axb5 44. Kf8
b4 45. Re7 Rc8+ 46. Kxf7 b3 47. Rb7 Rc7+ 48. Rxc7 Kxc7 49. Ke7 b2 50. d6+
Kc6 51. d7 b1=Q 52. d8=Q Qb7+ 53. Ke8 Qb1 54. f7 Qe4+ 55. Qe7 Kb5 56. f8=Q
Qa8+ 57. Kf7 Qd5+ 58. Kxg6 f4 59. Qb4+ Ka6 60. Qf6+ Ka7 61. Qa1+ Qa5 62.
Qaxa5# { Black checkmated } 1-0